 Dungeon Crawl Stone Soup version 0.21.1-1-g345015fe64 (webtiles) character file.

318 KleinerIrrer the Covert (level 6, -3/39 HPs)
             Began as an Octopode Assassin on Apr 18, 2018.
             Slain by an ogre
             ... wielding a cursed -1 giant club
              (20 damage)
             ... on level 4 of the Dungeon.
             The game lasted 00:04:38 (3392 turns).

KleinerIrrer the Covert (Octopode Assassin)         Turns: 3392, Time: 00:04:38

Health: -3/39      AC:  1    Str: 10    XL:     6   Next: 45%
Magic:  6/6        EV: 13    Int: 13    God:
Gold:   142        SH:  0    Dex: 16    Spells: 5/5 levels left

rFire    . . .     SeeInvis .   a - +2 dagger
rCold    . . .     Gourm    .   (no shield)
rNeg     . . .     Faith    .   (helmet restricted)
rPois    .         Spirit   .   (no amulet)
rElec    .         Reflect  .   (no ring)
rCorr    .         Harm     .   (no ring)
MR       .....                  (no ring)
Stlth    ++++++....             (no ring)
HPRegen  0.13/turn              (no ring)
MPRegen  0.10/turn              (no ring)
                                (no ring)
                                (no ring)

@: no status effects
A: almost no armour, stealthy swim, amphibious, 8 rings, constrict 8, camouflage
1, gelatinous body 1
a: no special abilities


You were on level 4 of the Dungeon.
You were hungry.

You visited 1 branch of the dungeon, and saw 5 of its levels.

You collected 142 gold pieces.

Inventory:

Hand Weapons
 a - a +2 dagger (weapon)
 b - a +0 blowgun
Missiles
 c - 8 poisoned needles
 d - 2 curare-tipped needles
Jewellery
 q - an uncursed amulet of guardian spirit {unknown}
Wands
 n - a wand of random effects (23)
Scrolls
 e - a scroll of noise {unknown}
 g - 2 scrolls of enchant armour {unknown}
 h - 2 scrolls of magic mapping {unknown}
 j - 2 scrolls of identify
 l - a scroll of random uselessness {unknown}
 m - a scroll of fear
 p - a scroll of amnesia {unknown}
Potions
 i - a potion of agility
 k - a potion of haste
 o - a potion of curing
Comestibles
 f - 2 rations


   Skills:
 - Level 2.0 Fighting
 - Level 2.0 Short Blades
 - Level 2.0 Throwing
 - Level 1.0 Dodging
 + Level 10.4 Stealth


You had 5 spell levels left.
You didn't know any spells.

Dungeon Overview and Level Annotations

Branches:
Dungeon (5/15)
 Temple: D:4-7

Altars:
Nemelex Xobeh
Vehumet


Innate Abilities, Weirdness & Mutations

You cannot wear most types of armour.
You are very stealthy in the water. (Stealth+)
You are amphibious.
You can wear up to eight rings at the same time.
You can use your tentacles to constrict eight enemies at once.
Your skin changes colour to match your surroundings (Stealth+).
Your rubbery body absorbs attacks. (AC +1, EV +1)


Message History

There is a stone staircase leading down here.
You climb downwards.
There is a stone staircase leading up here.
You start resting.
You feel a little less agile now.
You start resting.
You are feeling hungry.
You start resting.
HP restored.
You climb upwards.
The ogre hits you with a giant club!!
Ouch! That really hurt!
There is a stone staircase leading down, spattered with blood here.
You hit the ogre.
The ogre is lightly wounded.
The ogre barely misses you.
You hit the ogre. You squeeze the ogre!
The ogre is heavily wounded.
The ogre hits you with a giant club!!
Ouch! That really hurt!
You die...

#. #.# ##.##########
##....<#.....##
##.....!.....[.##
#...........%...#
#.......>.......#
#..........†.O..#
#....%......@...#
#..!....$.......#
###.............##
####........#...?.##
#....##############
#.#### #.# ..# .##


You could see an ogre.

Vanquished Creatures
  A big kobold (D:3)
  A bullfrog skeleton (D:4)
  A gnoll shaman (D:3)
  An iguana (D:4)
  3 gnolls (D:3)
  5 adders
  2 worms (D:2)
  2 dart slugs (D:1)
  A leopard gecko (D:2)
  5 orcs (D:3)
  5 ball pythons (D:3)
  4 bats
  6 giant cockroaches
  9 goblins
  10 hobgoblins
  7 jackals
  A quokka (D:3)
  5 frilled lizards
  3 kobolds
  3 rats
75 creatures vanquished.

Notes
Turn   | Place    | Note
-------+----------+-------------------------------------------
     0 | D:1      | KleinerIrrer the Octopode Assassin began the quest for the Orb.
     0 | D:1      | Reached XP level 1. HP: 14/14 MP: 1/1
    51 | D:1      | Reached skill level 6 in Stealth
    51 | D:1      | Reached XP level 2. HP: 19/19 MP: 2/2
   326 | D:1      | Reached XP level 3. HP: 20/24 MP: 3/3
   741 | D:2      | Reached skill level 7 in Stealth
  1191 | D:2      | Found a radiant altar of Vehumet.
  1545 | D:2      | Reached XP level 4. HP: 29/29 MP: 4/4
  1654 | D:2      | Found a sparkling altar of Nemelex Xobeh.
  1940 | D:3      | Noticed a big kobold
  1954 | D:3      | Killed a big kobold
  1954 | D:3      | Reached skill level 8 in Stealth
  1954 | D:3      | Reached XP level 5. HP: 4/34 MP: 5/5
  2435 | D:3      | Reached skill level 9 in Stealth
  2674 | D:3      | Reached XP level 6. HP: 19/39 MP: 6/6
  3176 | D:4      | Reached skill level 10 in Stealth
  3198 | D:5      | Entered Level 5 of the Dungeon
  3392 | D:4      | Slain by an ogre

Skill      XL: |  1  2  3  4  5  6 |
---------------+-------------------+-----
Stealth        | 6 7 8 9 10 | 10.4
Fighting       | |  2.0
Short Blades   | |  2.0
Throwing       | |  2.0
Dodging        | |  1.0

Action                   |  1- 3 |  4- 6 || total
-------------------------+-------+-------++-------
Melee: Dagger            |    56 |    81 ||   137
       Constrict         |    13 |    14 ||    27
       Tentacles         |    12 |    13 ||    25
  Use: Scroll            |     4 |       ||     4
       Potion            |       |     2 ||     2
 Stab: Sleeping          |    19 |    18 ||    37
  Eat: Chunk             |     2 |     5 ||     7
Armor: Skin              |     1 |     4 ||     5
Dodge: Dodged            |    14 |    53 ||    67
